 Dungeon Crawl Stone Soup version 0.29.1-1-gd02db6906a (webtiles) character file.

Game seed: 13205495681027052709

135 LustLizard the Slasher (level 4, -5/34 HPs)
             Began as a Demonspawn Gladiator on Oct 18, 2022.
             Slain by Natasha (7 damage)
             ... on level 2 of the Dungeon.
             The game lasted 00:02:03 (1455 turns).

LustLizard the Slasher (Demonspawn Gladiator)       Turns: 1455, Time: 00:02:05

Health: -5/34      AC:  9    Str: 15    XL:     4   Next: 97%
Magic:  4/4        EV:  7    Int:  9    God:
Gold:   86         SH:  0    Dex: 16    Spells: 3/3 levels left

rFire   . . .      SeeInvis .   a - +0 long sword
rCold   . . .      Faith    .   (no shield)
rNeg    . . .      Spirit   .   o - +0 chain mail
rPois   .          Reflect  .   c - +0 helmet
rElec   .          Harm     .   (no cloak)
rCorr   .          Rampage  .   (no gloves)
Will    .....                   (no boots)
Stlth   ..........              (no amulet)
HPRegen 0.11/turn               (no ring)
MPRegen 0.09/turn               (no ring)

@: no status effects
A: ignite blood 2
a: no special abilities


You were on level 2 of the Dungeon.
You visited 1 branch of the dungeon, and saw 2 of its levels.

You collected 86 gold pieces.

Inventory:

Hand Weapons
 a - a +0 long sword (weapon)
Missiles
 d - 3 throwing nets
 e - a javelin
 q - 2 stones (quivered)
Armour
 b - a +0 leather armour
 c - a +0 helmet (worn)
 i - a +0 ring mail
 o - a +0 chain mail (worn)
Scrolls
 g - a scroll of teleportation {unknown}
 j - a scroll of identify {unknown}
 l - a scroll of enchant armour {unknown}
 n - a scroll of enchant weapon {unknown}
 p - a scroll of magic mapping {unknown}
Potions
 f - a potion of haste {unknown}
 h - a potion of curing {unknown}
 k - a potion of ambrosia {unknown}
 m - a potion of might {unknown}


   Skills:
 + Level 2.7 Fighting
 * Level 3.7 Long Blades
 * Level 3.0 Throwing
 + Level 3.2 Dodging


You had 3 spell levels left.
You didn't know any spells.
Your spell library was empty.

Dungeon Overview and Level Annotations

Branches:
Dungeon (2/15)

Altars:

Annotations:
D:2 Natasha


Innate Abilities, Weirdness & Mutations

Your demonic aura often causes spilled blood to erupt in flames.


Message History

You hit Natasha.
Natasha is lightly wounded.
Natasha stares at you and mumbles some strange words.
The magic dart hits you!
You barely miss Natasha.
Natasha is lightly wounded.
Natasha mumbles some strange words.
You barely miss Natasha.
Natasha is lightly wounded.
Natasha claws you but does no damage.
You barely miss Natasha.
Natasha is lightly wounded.
Natasha claws you but does no damage.
You barely miss Natasha.
Natasha is lightly wounded.
Natasha barely misses you. Natasha closely misses you.
You slash Natasha!
Natasha is severely wounded.
Natasha mumbles some strange words.
You barely miss Natasha.
Natasha is severely wounded.
Natasha claws you but does no damage. The crimson imp hits you.
You closely miss Natasha.
Natasha is severely wounded.
Natasha stares at you and mumbles some strange words.
The magic dart hits you! The crimson imp hits you.
* * * LOW HITPOINT WARNING * * *
You closely miss Natasha.
Natasha is severely wounded.
Natasha claws you.
* * * LOW HITPOINT WARNING * * *
The crimson imp blinks!
You closely miss Natasha.
Natasha is severely wounded.
Natasha claws you.
* * * LOW HITPOINT WARNING * * *
Natasha wildly gestures.
Natasha glows brightly for a moment.
Natasha claws you!
You die...

#......##.##
#...........
#######...##.##.#.
..........†.....#.
#######.####.#....
#.......## #.#....
#.####...###.#....
####.#
#.#..........
#..§@#
#...###.#....
...5.##h# ##.##
#.#.... ####
#5#####.# #†#....
#.......####.#####
##.#.........# ###
.#h##.###### #..
.# #.########.. .#
#>..........
##########.#


You could see Natasha (empowered) and 2 crimson imps.

Vanquished Creatures
  Jessica (D:2)
  Natasha (twice) (D:2)
  An adder (D:2)
  3 gnolls (D:2)
  An endoplasm (D:2)
  3 giant cockroaches (D:1)
  2 goblins
  3 hobgoblins (D:1)
  A quokka (D:1)
  2 bats (D:1)
  2 frilled lizards
  6 rats
27 creatures vanquished.

Notes
Turn   | Place    | Note
-------+----------+-------------------------------------------
     0 | D:1      | LustLizard the Demonspawn Gladiator began the quest for the
                  | Orb.
     0 | D:1      | Reached XP level 1. HP: 16/16 MP: 1/1
   291 | D:1      | Gained mutation: Your demonic aura sometimes causes spilled
                  | blood to erupt in flames. [demonic ancestry]
   291 | D:1      | Reached XP level 2. HP: 22/22 MP: 2/2
   890 | D:2      | Noticed Natasha
   893 | D:2      | Killed Natasha
   894 | D:2      | Gained mutation: Your demonic aura often causes spilled
                  | blood to erupt in flames. [demonic ancestry]
   894 | D:2      | Reached XP level 3. HP: 28/28 MP: 3/3
   896 | D:2      | Found a faded altar of an unknown god.
   962 | D:2      | Noticed Natasha
   976 | D:2      | Killed Natasha
   977 | D:2      | Reached XP level 4. HP: 21/34 MP: 4/4
  1140 | D:2      | Noticed Jessica
  1160 | D:2      | Killed Jessica
  1393 | D:2      | Noticed Natasha
  1455 | D:2      | Slain by Natasha

Illustrated notes

Levels and vault maps discovered:
D:1:      spicycebolla_green_bress_n_ham_2, layout_rooms
D:2:      layout_loops_ring, ebering_ecumenical_altar_sacrificial, uniq_natasha,
          uniq_jessica

Skill      XL: |  1  2  3  4 |
---------------+-------------+-----
Throwing       | 2 3 |  3.0
Long Blades    | 3 |  3.7
Dodging        | 3 |  3.2
Fighting       | |  2.7

Action                   |  1- 3 |  4- 6 || total
-------------------------+-------+-------++-------
Melee: Long sword        |    64 |    31 ||    95
       Punch             |     1 |       ||     1
Throw: Stone             |       |     3 ||     3
Armor: Chain mail        |    34 |    16 ||    50
       Ring mail         |     2 |       ||     2
Dodge: Dodged            |    37 |     7 ||    44
